 Dungeon Crawl Stone Soup version 0.31.0-12-g77e489cdc1 (webtiles) character file.

Game seed: 5004041247729690967

720 Killerpretzel the Changeling (level 7, -2/47 HPs)
             Began as an Octopode Shapeshifter on Mar 2, 2024.
             Was an Initiate of Vehumet.
             Slain by Pikel
             ... wielding a +0 whip of electrocution
              (6 damage)
             ... on level 5 of the Dungeon.
             The game lasted 00:04:12 (3583 turns).

Killerpretzel the Changeling (OpSh)                 Turns: 3583, Time: 00:04:12

Health: -2/47      AC:  1    Str: 13    XL:     7   Next: 70%
Magic:  7/7        EV: 14    Int: 13    God:    Vehumet [......]
Gold:   158        SH:  0    Dex: 13    Spells: 6/6 levels left

rFire   . .          .
                       - Unarmed
rCold   . . .        (no shield)
rNeg    . . .        (helmet currently unavailable)
rPois   .            (no amulet)
rElec   .            (no ring)
rCorr   .            (no ring)
SInv    .            (no ring)
Will    .....        (no ring)
Stlth   ++           (no ring)
HPRegen 0.27/turn    (no ring)
MPRegen 0.10/turn    (no ring)
                     (no ring)

%: no passive effects
@: beast-form
A: beast (slay +3), almost no armour, amphibious, 8 rings, camouflage 1,
gelatinous body 1, (nimble swimmer 1), tentacles
a: Begin Untransformation, Renounce Religion


You were on level 5 of the Dungeon.
You worshipped Vehumet.
Vehumet was noncommittal.
You were a hulking beast.
You visited 2 branches of the dungeon, and saw 6 of its levels.

You collected 158 gold pieces.

Inventory:

Talismans
 b - a beast talisman
 c - a flux talisman
Wands
 e - a wand of flame (17)
Potions
 a - 2 potions of lignification
 d - a potion of ambrosia
 f - a potion of attraction
 k - a potion of heal wounds


   Skills:
 + Level 3.6 Fighting
 + Level 4.1 Dodging
 + Level 4.6 Unarmed Combat
 * Level 5.6 Shapeshifting


You had 6 spell levels left.
You didn't know any spells.
Your spell library contained the following spells:

 Spells                   Type           Power      Damage    Failure   Level
 Sandblast                Erth           0%         2d4       30%         1
 Summon Small Mammal      Summ           0%         N/A       30%         1
 Call Canine Familiar     Summ           0%         N/A       67%         3
 Passwall                 Erth           0%         N/A       67%         3
 Stone Arrow              Conj/Erth      0%         3d7       67%         3
 Brom's Barrelling Bould  Conj/Erth      0%         2d3       97%         4
 Summon Blazeheart Golem  Fire/Summ      0%         N/A       97%         4


Dungeon Overview and Level Annotations

Branches:
Dungeon (5/15)             Temple (1/1) D:5

Altars:
Cheibriados
Elyvilon
Fedhas
Gozag
Hepliaklqana
Kikubaaqudgha
Makhleb
Nemelex Xobeh
Okawaru
Qazlal
Ru
Sif Muna
Trog
Vehumet
Xom
Yredelemnul
Zin
The Shining One

Shops:
D:5 *

Portals:
Abyss: D:3

Annotations:
D:3 2 transporters, vatarom's ghost, amateur DsMo
D:5 Pikel


Innate Abilities, Weirdness & Mutations

You are a hulking beast.
Your limbs bulge with bestial killing power. (Slay +3)
You cannot wear most types of armour.
You are amphibious.
You can wear up to eight rings at the same time.
Your skin changes colour to match your surroundings (Stealth+).
Your rubbery body absorbs attacks. (AC +1, EV +1)
((You are camouflaged when in or above water. (Stealth+)))
You have tentacles for arms and can constrict up to eight enemies at once.


Message History

No target in view!
No target in view!
No target in view!
HP restored. 2 lemures come into view.
The lemure shouts!
You hear a shout!
Pikel, Merchant of Souls comes into view.
He is wielding a +0 whip of electrocution.
Pikel shouts!
A lemure comes into view.
A lemure comes into view.
The lemure hits you.
Pikel says, "You'll make a fine lemure."
The lemure attacks as it pursues you! The lemure completely misses you.
The lemure shouts!
You tentacle-slap Pikel but do no damage.
Your grab misses Pikel. You squeeze Pikel.
Pikel is lightly wounded.
Pikel hits you with a +0 whip of electrocution!
You closely miss Pikel. Your grab misses Pikel.
Pikel is lightly wounded.
Pikel barely misses you.
You barely miss Pikel. You grab Pikel. You squeeze Pikel.
Pikel is moderately wounded.
You constrict Pikel.
Pikel hits you with a +0 whip of electrocution!
You are electrocuted!
You tentacle-slap Pikel but do no damage.
Pikel is moderately wounded.
You constrict Pikel.
Pikel hits you with a +0 whip of electrocution!
* * * LOW HITPOINT WARNING * * *
You tentacle-slap Pikel. You squeeze Pikel, but do no damage.
Pikel is heavily wounded.
You constrict Pikel. Pikel misses you.
You tentacle-slap Pikel. x2
Pikel is heavily wounded.
You constrict Pikel, but do no damage.
Pikel hits you with a +0 whip of electrocution.
You die...
Pikel says, "See you in Hell!"

#..<..........#
.##............#
#.....#...#.....#
####.###.###....#
###..#...#.....#
#......_......##
#.#..#...#....# #
#.#.###.###..##
....#..#h..#...#
#..55K......##
#############


You could see Pikel and 2 lemures.

Vanquished Creatures
  Menkaure (D:4)
  An ice beast (D:4)
  A black bear (D:4)
  A centaur (D:5)
  A phantom (D:4)
  A scorpion (D:5)
  An iguana (D:4)
  Robin (D:3)
  3 gnolls (D:4)
  5 adders
  A shadow imp (D:5)
  4 dart slugs
  2 ribbon worms (D:2)
  3 orcs (D:3)
  10 bats
  3 endoplasms (D:2)
  2 giant cockroaches
  7 hobgoblins
  2 jackals (D:3)
  2 quokkas (D:2)
  5 ball pythons
  A frilled lizard (D:3)
  16 goblins
  6 kobolds
  2 rats (D:3)
82 creatures vanquished.

Notes
Turn   | Place    | Note
-------+----------+-------------------------------------------
     0 | D:1      | Killerpretzel the Octopode Shapeshifter began the quest for
                  | the Orb.
     0 | D:1      | Reached XP level 1. HP: 13/13 MP: 1/1
   219 | D:1      | Reached XP level 2. HP: 18/18 MP: 2/2
   252 | D:1      | Found a faded altar of an unknown god.
   791 | D:2      | Reached XP level 3. HP: 19/23 MP: 3/3
   984 | D:2      | Found a bloodstained altar of Trog.
  1378 | D:3      | Reached XP level 4. HP: 25/29 MP: 4/4
  1436 | D:3      | Noticed Robin
  1444 | D:3      | Killed Robin
  1459 | D:3      | HP: 1/29 [poisoned by an adder]
  1665 | D:3      | Found a transporter.
  1672 | D:3      | Found a transporter.
  1675 | D:3      | Noticed a small abomination
  1676 | D:3      | Noticed a small abomination
  1981 | D:3      | Found a one-way gate to the infinite horrors of the Abyss.
  1990 | D:3      | Reached skill level 4 in Shapeshifting
  2002 | D:3      | Noticed vatarom's ghost (amateur DsMo)
  2038 | D:3      | Reached XP level 5. HP: 34/34 MP: 5/5
  2368 | D:5      | Entered Level 5 of the Dungeon
  2368 | D:5      | Noticed a centaur
  2368 | D:5      | Found a staircase to the Ecumenical Temple.
  2373 | D:5      | Killed a centaur
  2382 | D:5      | Reached XP level 6. HP: 22/41 MP: 6/6
  2418 | Temple   | Entered the Ecumenical Temple
  2497 | D:5      | Found Fojottad's General Store.
  2554 | D:4      | Noticed a black bear
  2563 | D:4      | Killed a black bear
  2742 | D:4      | Noticed Menkaure
  2752 | D:4      | Killed Menkaure
  2753 | D:4      | Reached skill level 5 in Shapeshifting
  2753 | D:4      | Reached XP level 7. HP: 46/46 MP: 7/7
  3527 | D:5      | Found a radiant altar of Vehumet.
  3542 | D:5      | Became a worshipper of Vehumet
  3571 | D:5      | Noticed Pikel
  3583 | D:5      | Slain by Pikel

Illustrated notes

Levels and vault maps discovered:
D:1:      sevenhm_arrival_forest_fort_large_4, layout_rooms,
          ebering_ecumenical_altar_petrified
D:2:      layout_basic, basic_altar
D:3:      layout_basic, gammafunk_ghost_abyssal_escape, uniq_robin
D:4:      layout_loops_corners, chequers_serial_rivers_room_a,
          serial_bayou_pond_e, uniq_menkaure
D:5:      layout_basic, nicolae_uskayaw_en_pointe, vehumet_crystals,
          serial_shops, shop, nicolae_shop_trees, shop, uniq_ijyb, uniq_pikel
Temple:   nicolae_temple_bog_church

Skill      XL: |  1  2  3  4  5  6  7 |
---------------+----------------------+-----
Fighting       | 2 3 |  3.6
Shapeshifting  | 4 5 |  5.6
Dodging        | 3 4 |  4.1
Unarmed Combat | 4 |  4.6

Action                     |  1- 3 |  4- 6 |  7- 9 || total
---------------------------+-------+-------+-------++-------
  Melee: Unarmed           |    67 |    85 |    37 ||   189
         Constrict         |    20 |    21 |     4 ||    45
         Tentacles         |    13 |    17 |    11 ||    41
         Punch             |       |     2 |     2 ||     4
    Use: Scroll            |     2 |     1 |     6 ||     9
         Potion            |       |     2 |       ||     2
   Stab: Sleeping          |     7 |     2 |     1 ||    10
 Armour: Skin              |    27 |    44 |    19 ||    90
  Dodge: Dodged            |    36 |    28 |    18 ||    82
